 Dungeon Crawl Stone Soup version 0.29.1-13-g9f3cf754e1 (webtiles) character file.

Game seed: 5961635135207802425

15834 lilitu the Basher (level 12, -14/108 HPs)
             Began as a Minotaur Fighter on Jan 31, 2023.
             Was a High Priest of Okawaru.
             Killed from afar by a frost giant (31 damage)
             ... with a bolt of cold
             ... on level 10 of the Dungeon.
             The game lasted 00:27:23 (11888 turns).

lilitu the Basher (Minotaur Fighter)               Turns: 11888, Time: 00:27:24

Health: -14/108    AC: 17    Str: 25    XL:     12   Next: 4%
Magic:  11/11      EV:  7    Int:  5    God:    Okawaru [*****.]
Gold:   631        SH: 12    Dex: 17    Spells: 11/11 levels left

rFire   . . .      SeeInvis .   y - +2 whip (freeze)
rCold   . . .      Faith    .   L - +0 kite shield
rNeg    . . .      Spirit   .   s - +0 plate armour
rPois   .          Reflect  .   u - +0 hat
rElec   .          Harm     .   (no cloak)
rCorr   .          Rampage  .   l - +1 pair of gloves
Will    .....                   (no boots)
Stlth   ..........              J - amulet of regeneration
HPRegen 1.08/turn               f - +6 ring of dexterity
MPRegen 0.12/turn               C - +4 ring of slaying

@: no status effects
A: horns 2, retaliatory headbutt
a: Renounce Religion, Heroism, Finesse, Duel


You were on level 10 of the Dungeon.
You worshipped Okawaru.
Okawaru was extremely pleased with you.
You visited 2 branches of the dungeon, and saw 11 of its levels.

You collected 631 gold pieces.

Inventory:

Hand Weapons
 a - a +0 flail
 b - a +0 spectral whip
 h - a +0 whip of venom
 k - a +0 whip
 v - a +0 whip
 w - the +8 dagger "Inigac" {antimagic, +Blink Will+}
   (You took it off a goblin on level 3 of the Dungeon)

   It reduces the magical energy of the wielder, and disrupts the spells and
   magical abilities of those it strikes.
   Natural abilities and divine invocations are not affected.
   +Blink:    It lets you blink.
   Will:      It increases your willpower.
 y - a +2 whip of freezing (weapon)
Missiles
 g - 102 stones
 j - 2 silver javelins
 t - 6 boomerangs (quivered)
 z - 31 poisoned darts
 E - a datura-tipped dart
 F - 3 throwing nets
 I - 5 javelins
 K - 3 atropa-tipped darts
 O - 4 curare-tipped darts
Armour
 l - a +1 pair of gloves (worn)
 s - a +0 plate armour (worn)
 u - a +0 hat (worn)
 L - a +0 kite shield (worn)
Jewellery
 e - a ring of see invisible
 f - a +6 ring of dexterity (left hand)
 n - a ring of magical power
 A - a ring of magical power
 C - a +4 ring of slaying (right hand)
 G - an amulet of magic regeneration
 J - an amulet of regeneration (around neck)
Scrolls
 d - 5 scrolls of teleportation
 m - a scroll of fear
 D - a scroll of magic mapping
 P - a scroll of silence
Potions
 i - 3 potions of heal wounds
 o - 3 potions of curing
 p - 4 potions of flight
 q - 2 potions of lignification
 r - 2 potions of ambrosia
 x - a potion of haste
 B - a potion of brilliance
 H - a potion of might


   Skills:
 + Level 10.9 Fighting
 + Level 11.5 Maces & Flails
 + Level 8.9 Throwing
 + Level 11.2 Armour
 - Level 1.0 Dodging
 - Level 0.2 Stealth
 + Level 10.8 Shields


You had 11 spell levels left.
You didn't know any spells.
Your spell library contained the following spells:

 Spells                   Type           Power      Damage    Failure   Level
 Magic Dart               Conj           0%         1d3       100%        1
 Mephitic Cloud           Conj/Pois/Air  0%         N/A       100%        3
 Call Imp                 Summ           Unusable   N/A       N/A         2

Dungeon Overview and Level Annotations

Branches:
Dungeon (10/15)            Temple (1/1) D:6            Lair (0/5) D:9
    Orc (0/2) D:10

Altars:
Cheibriados
Dithmenos
Fedhas
Gozag
Hepliaklqana
Kikubaaqudgha
Makhleb
Nemelex Xobeh
Okawaru
Qazlal
Ru
Sif Muna
Trog
Uskayaw
Wu Jian
Xom
Zin
The Shining One

Shops:
D:4 **   D:6 (


Innate Abilities, Weirdness & Mutations

You have a pair of horns on your head.
You reflexively headbutt those who attack you in melee.


Message History

You see here the +3 scale mail of Forking Paths {rC+}.
You hit the two-headed ogre. You freeze the two-headed ogre.
You headbutt the two-headed ogre.
The two-headed ogre is heavily wounded.
You whack the two-headed ogre! You freeze the two-headed ogre.
You kill the two-headed ogre!
Okawaru is honoured by your kill.
You hear a shout!
The frost giant points at you and mumbles some strange words.
The bolt of cold hits you!!!
Ouch! That really hurt!
* * * LOW HITPOINT WARNING * * *
You have reached level 12!
You feel agile.
Throw: 6 boomerangs
Press: ? - help, Q - select action, (/) - cycle Shift-Dir - straight line, f - frost giant
Aim: a frost giant, wielding a +0 battleaxe of freezing (90% to hit)
You throw a boomerang. The boomerang hits the frost giant!
The frost giant is lightly wounded.
The harpy changes into a hornet!
You whack the frost giant! Your headbutt misses the frost giant.
The frost giant is lightly wounded.
The frost giant hits you with a +0 battleaxe of freezing!
* * * LOW HITPOINT WARNING * * *
The frost giant freezes you.
* * * LOW HITPOINT WARNING * * *
You hit the frost giant.
The frost giant is lightly wounded.
The frost giant points at you and mumbles some strange words.
The bolt of cold misses you.
You hit the frost giant but do no damage.
The frost giant is lightly wounded.
The howler monkey hoots and howls with incredible vigour!
You hear a shout!
You hit the frost giant but do no damage.
Your headbutt misses the frost giant.
The frost giant is lightly wounded.
The frost giant points at you and mumbles some strange words.
The bolt of cold hits you!!
You die...

##♣ ♣## ####### ♣ ♣#.♣ ♣.#
♣.♣♣#.. #♣. ♣.#.♣♣♣.#
♣♣.♣#.♣
#.♣♣.c#.♣.♣.#♣♣.♣♣#.. #.♣/h
#.♣.♣.#♣..♣♣##' #...
#.....#.♣♣.♣##. #. #..
##♣'♣##.♣♣♣.##.
##hh.##y♣♣♣♣#..>..#...♣.###
#[$8D9{ycC@.'..8..'...♣...#
##..$##Y♣♣♣♣#..<).#♣♣.♣♣#.#
#. #.♣ ##♣'♣## ♣♣.♣#.# #.♣
#.....#♣♣.♣♣#.# #.♣
#♣...♣#♣.♣♣ #.# #..
#.♣.♣.#.♣♣ #.. #..
#♣...♣#♣.♣♣ #.. #.♣
#.....#♣♣.♣ #.. #######
#####♣.♣##########


You could see a frost giant, a yak, a hornet, a hornet shaped shifter, an acid
dragon, a gargoyle, a centaur and a howler monkey.

Vanquished Creatures
  A centaur warrior (D:10)
  Erica (D:8)
  6 two-headed ogres
  A tengu warrior (D:10)
  Pikel (D:6)
  An ugly thing (D:10)
  A gargoyle (D:10)
  An efreet (D:10)
  2 komodo dragons (D:9)
  A troll (D:9)
  A hornet (D:10)
  3 wraiths (D:10)
  16 yaks
  3 basilisks
  3 wyverns (D:10)
  2 steam dragons
  3 ice beasts
  7 orc warriors
  2 black bears
  2 sky beasts
  2 ogres
  2 centaurs
  3 kobold brigands
  4 phantoms
  A gnoll sergeant (D:10)
  2 bullfrogs
  3 scorpions
  4 wights (D:9)
  3 killer bees (D:10)
  7 howler monkeys
  2 quasits (D:4)
  3 hounds
  4 jellies
  8 orc priests
  A gnoll bouda (D:7)
  2 iguanas
  10 orc wizards
  13 gnolls
  4 adders
  6 shadow imps
  3 white imps
  3 ufetubi (D:4)
  A worm (D:3)
  6 dart slugs
  43 orcs
  10 ball pythons
  6 endoplasms
  2 giant cockroaches
  15 goblins
  12 hobgoblins
  4 jackals (D:1)
  18 kobolds
  4 quokkas
  3 bats
  3 frilled lizards
  4 rats
  A spectral orc (D:3)
280 creatures vanquished.

Vanquished Creatures (others)
  5 dream sheep (D:3)
  A demonic plant (D:4)
  A plant (D:7)
7 creatures vanquished.

Grand Total: 287 creatures vanquished

Notes
Turn   | Place    | Note
-------+----------+-------------------------------------------
     0 | D:1      | lilitu the Minotaur Fighter began the quest for the Orb.
     0 | D:1      | Reached XP level 1. HP: 19/19 MP: 0/0
   171 | D:1      | Reached XP level 2. HP: 26/27 MP: 1/1
   199 | D:1      | Found a faded altar of an unknown god.
   904 | D:2      | Reached XP level 3. HP: 33/33 MP: 2/2
   994 | D:2      | Reached skill level 1 in Throwing
  1070 | D:2      | You fall into a shaft and drop 2 floors!
  1147 | D:4      | Reached XP level 4. HP: 17/40 MP: 3/3
  1984 | D:3      | Found a hazy altar of Hepliaklqana.
  2133 | D:3      | Noticed a dream sheep
  2133 | D:3      | Noticed a dream sheep
  2133 | D:3      | Noticed a dream sheep
  2133 | D:3      | Noticed a dream sheep
  2133 | D:3      | Noticed a dream sheep
  2133 | D:3      | Found a shimmering altar of Xom.
  2135 | D:3      | Killed a dream sheep
  2136 | D:3      | Reached XP level 5. HP: 46/46 MP: 4/4
  2136 | D:3      | Killed a dream sheep
  2136 | D:3      | Killed a dream sheep
  2136 | D:3      | Killed a dream sheep
  2137 | D:3      | Killed a dream sheep
  2208 | D:3      | Identified the +8 dagger "Inigac" {antimagic, +Blink Will+}
  2430 | D:3      | Found an ancient bone altar of Kikubaaqudgha.
  2977 | D:4      | Reached XP level 6. HP: 40/52 MP: 5/5
  3083 | D:4      | Found Ovvital's Gadget Gallery.
  3100 | D:4      | Found Yquputt's Mass Market.
  3156 | D:4      | Identified the +5 dagger of Istik {drain, *Slow rCorr SInv}
  3183 | D:4      | Reached skill level 5 in Maces & Flails
  3183 | D:4      | Reached skill level 5 in Armour
  3183 | D:4      | Reached skill level 1 in Dodging
  3683 | D:5      | Entered Level 5 of the Dungeon
  3848 | D:5      | Reached XP level 7. HP: 39/60 MP: 6/6
  4153 | D:5      | Reached skill level 5 in Fighting
  4163 | D:5      | Reached skill level 5 in Shields
  4918 | D:5      | Reached XP level 8. HP: 57/69 MP: 7/7
  5491 | D:6      | Found a stormy altar of Qazlal.
  5844 | D:6      | Found Muputs's Weapon Shop.
  6341 | D:6      | Noticed Pikel
  6354 | D:6      | Killed Pikel
  6355 | D:6      | Reached skill level 5 in Throwing
  6355 | D:6      | Reached XP level 9. HP: 53/79 MP: 8/8
  6514 | D:6      | Found a staircase to the Ecumenical Temple.
  6637 | Temple   | Entered the Ecumenical Temple
  6667 | Temple   | Became a worshipper of Warmaster Okawaru
  7942 | D:7      | Reached * piety under Okawaru
  8068 | D:8      | Found a hide-covered altar of Uskayaw.
  8126 | D:8      | Noticed Erica
  8135 | D:8      | Killed Erica
  8163 | D:8      | Reached XP level 10. HP: 25/88 MP: 9/9
  8485 | D:8      | Reached ** piety under Okawaru
  8720 | D:8      | Found an opulent altar of Gozag.
  9357 | D:9      | Found a sacrificial altar of Ru.
  9435 | D:9      | Noticed a two-headed ogre
  9439 | D:9      | Noticed a two-headed ogre
  9441 | D:9      | Killed a two-headed ogre
  9452 | D:9      | Killed a two-headed ogre
  9452 | D:9      | Reached *** piety under Okawaru
  9493 | D:9      | Received a gift from Okawaru
  9903 | D:9      | Reached skill level 10 in Maces & Flails
 10592 | D:9      | Reached XP level 11. HP: 57/97 MP: 10/10
 10598 | D:9      | Reached **** piety under Okawaru
 10610 | D:9      | Received a gift from Okawaru
 10626 | D:9      | Reached skill level 10 in Armour
 10900 | D:9      | Found a staircase to the Lair.
 10983 | D:9      | Received a gift from Okawaru
 11173 | D:10     | Entered Level 10 of the Dungeon
 11175 | D:10     | Noticed a two-headed ogre
 11184 | D:10     | Killed a two-headed ogre
 11320 | D:10     | Found a glowing golden altar of the Shining One.
 11335 | D:10     | Found a staircase to the Orcish Mines.
 11387 | D:10     | Reached skill level 10 in Fighting
 11387 | D:10     | Reached skill level 10 in Shields
 11394 | D:10     | Received a gift from Okawaru
 11506 | D:10     | Reached ***** piety under Okawaru
 11539 | D:10     | Noticed a tengu warrior
 11539 | D:10     | Noticed a two-headed ogre
 11549 | D:10     | Killed a two-headed ogre
 11556 | D:10     | Killed a tengu warrior
 11556 | D:10     | Received a gift from Okawaru
 11627 | D:10     | Noticed a brown ugly thing
 11637 | D:10     | Killed a brown ugly thing
 11676 | D:10     | Noticed a two-headed ogre
 11695 | D:10     | Killed a two-headed ogre
 11695 | D:10     | Received a gift from Okawaru
 11853 | D:10     | Noticed a centaur warrior
 11853 | D:10     | Noticed a two-headed ogre
 11854 | D:10     | Noticed a frost giant
 11862 | D:10     | Noticed a harpy
 11881 | D:10     | Killed a centaur warrior
 11881 | D:10     | Identified the +3 scale mail of Forking Paths {rC+}
                  | (Okawaru gifted it to you on level 10 of the Dungeon)
 11881 | D:10     | Received a gift from Okawaru
 11883 | D:10     | Killed a two-headed ogre
 11884 | D:10     | Reached XP level 12. HP: 29/108 MP: 11/11
 11888 | D:10     | Killed from afar by a frost giant

Illustrated notes

Levels and vault maps discovered:
D:1:      elethiomel_arrival_infinity_welcomes_careful_drivers,
          layout_loops_ring, ebering_ecumenical_altar_box, minmay_liquid_box
D:2:      layout_basic, minmay_misc_feat_alley, hangedman_decor_clover_reticule
D:3:      layout_loops_ring, kb_xom_exploding_sheep, kiku_gazebo_pond_becter,
          nicolae_hepliaklqana_monster_ancestors, minmay_misc_feat_square,
          hex_large
D:4:      wad_river_or_something, layout_loops_ring, serial_demonic,
          serial_demonic_g, serial_demonic_d, serial_demonic_b,
          serial_demonic_c, serial_demonic_d, minmay_shop_mass,
          hangedman_decor_lopped, nicolae_shop_gadgets
D:5:      layout_loops_ring, serial_co_window_serial, co_window_corner_a,
          co_window_paths_a, co_window_paths_a, co_window_corner_a,
          co_window_corner_a, co_window_cross_1, co_window_corner_a,
          co_window_of_opportunity_c, co_window_unsneaky_path_b,
          co_window_corner_b, co_window_of_opportunity_b, co_window_paths_d,
          co_window_4corner_b, glass_columns_a, glass_columns_a
D:6:      hellmonk_crumbling_castle, layout_basic, overflow_temple_1_default,
          temple_hall, serial_shops, shop, grunt_ministairs_9, uniq_pikel
D:7:      corexii_shantytown, layout_basic
D:8:      layout_cave_pools, nicolae_gozag_cash_rules_everything_around_me,
          nicolae_uskayaw_murder_on_the_dancefloor, uniq_erica
D:9:      layout_loops_ring, mainiacjoe_overflow_chevrons, erik_lair_dragon
D:10:     nzn_winding_woodlands_stair_cross
          [nzn_winding_woodlands_5x15_river_crossing,
          nzn_winding_woodlands_center_lodge,
          nzn_winding_woodlands_5x15_crooked, nzn_winding_woodlands_hourglass,
          nzn_winding_woodlands_5x5_three, nzn_winding_woodlands_5x15_pockets,
          nzn_winding_woodlands_center_pierced_h,
          nzn_winding_woodlands_5x15_sidewinder], layout_rooms,
          nicolae_vehumet_radiance, overflow_temple_1_default,
          hellmonk_guarded_unrand_salamander
Temple:   nicolae_temple_bog_church

Skill      XL: |  1  2  3  4  5  6  7  8  9 10 11 |
---------------+----------------------------------+-----
Armour         | 4 5 6 7 8 9 11 | 11.2
Shields        | 4 5 6 8 9 10 | 10.8
Throwing       | 1 2 3 4 5 6 7 8 |  8.9
Fighting       | 4 5 7 8 9 10 | 10.9
Maces & Flails | 3 4 5 6 7 9 10 11 | 11.5
Dodging        | 1 |  1.0
Stealth        | |  0.2

Action                   |  1- 3 |  4- 6 |  7- 9 | 10-12 || total
-------------------------+-------+-------+-------+-------++-------
Melee: Flail             |    60 |   162 |   144 |       ||   366
       Headbutt          |     9 |    34 |    57 |    92 ||   192
       Whip              |       |       |   131 |   350 ||   481
Throw: Boomerang         |       |     2 |    27 |    20 ||    49
Invok: Heroism           |       |       |     1 |     6 ||     7
  Use: Potion            |       |     1 |       |     5 ||     6
       Scroll            |       |     9 |     1 |     9 ||    19
Armor: Scale mail        |    24 |       |       |       ||    24
       Chain mail        |     4 |   155 |       |       ||   159
       Plate armour      |       |       |   127 |    97 ||   224
Dodge: Dodged            |    27 |    77 |    52 |    81 ||   237
Block: Buckler           |    16 |    49 |    54 |    37 ||   156
       Kite shield       |       |       |       |    67 ||    67
